 Dungeon Crawl Stone Soup version 0.30-a0-58-gc0703345a7 (webtiles) character file.

Game seed: 18378417286938045532

1036 ytrimaz the Changer (level 8, -2/48 HPs)
             Began as an Octopode Transmuter on Sept 11, 2022.
             Slain by an orc wizard
             ... wielding a +0 dagger
              (3 damage)
             ... on level 5 of the Dungeon.
             The game lasted 00:08:40 (6781 turns).

ytrimaz the Changer (Octopode Transmuter)           Turns: 6781, Time: 00:08:40

Health: -2/48      AC:  6    Str:  9    XL:     8   Next: 24%
Magic:  6/15       EV: 19    Int: 17    God:
Gold:   198        SH:  0    Dex: 18    Spells: 7/17 levels left

rFire   . . .      SeeInvis .      - Unarmed
rCold   . . .      Faith    .    (shield currently unavailable)
rNeg    . . .      Spirit   .    (helmet currently unavailable)
rPois   x          Reflect  .    (no amulet)
rElec   .          Harm     .    n - +4 ring of protection
rCorr   .          Rampage  .    (no ring)
Will    .....                    (no ring)
Stlth   ++........               (no ring)
HPRegen 0.16/turn                (no ring)
MPRegen 0.14/turn                (no ring)
                                 (no ring)
                                 (no ring)

@: mighty, spider-form (expiring)
A: venomous fangs, almost no armour, (amphibious), 8 rings, tiny, (camouflage
1), (gelatinous body 1), (nimble swimmer 1), (tentacles)
a: End Transformation


You were on level 5 of the Dungeon.
You were a venomous arachnid creature.
You visited 1 branch of the dungeon, and saw 5 of its levels.
You also visited: Ossuary.

You collected 198 gold pieces.


Innate Abilities, Weirdness & Mutations

You are a venomous arachnid creature.
You have poisonous fangs.
You are tiny and dextrous.
Your spellcasting is less reliable in this form.
Your armour is entirely melded.
You are incapable of wielding weapons or throwing items.
You cannot wear most types of armour.
((You are amphibious.))
You can wear up to eight rings at the same time.
((Your skin changes colour to match your surroundings (Stealth+).))
((Your rubbery body absorbs attacks. (AC +1, EV +1)))
((You are camouflaged when in or above water. (Stealth+)))
((You have tentacles for arms and can constrict up to eight enemies at once.))


   Skills:
 - Level 1.0 Fighting
 - Level 2.0 Dodging
 - Level 3.0 Unarmed Combat
 + Level 5.0 Spellcasting
 + Level 5.3 Transmutations
 + Level 4.4 Ice Magic
 - Level 4.0 Poison Magic


You had 7 spell levels left.
You knew the following spells:

 Your Spells              Type           Power      Damage    Failure   Level
a - Beastly Appendage     Tmut           44%        N/A       7%          1
b - Wereblood             Tmut           22%        N/A       9%          2
c - Spider Form           Tmut/Pois      20%        N/A       17%         3
d - Ice Form              Ice/Tmut       21%        N/A       38%         4

Your spell library contained the following spells:

 Spells                   Type           Power      Damage    Failure   Level
 Call Canine Familiar     Summ           4%         N/A       61%         3
 Portal Projectile        Hex/Tloc       8%         N/A       61%         3
 Leda's Liquefaction      Hex/Erth       2%         N/A       92%         4

Inventory:

Jewellery
 n - a +4 ring of protection (left front leg)
   (You found it on level 4 of the Dungeon)
Scrolls
 e - a scroll of blinking
 f - a scroll of magic mapping
 i - a scroll of fear
 j - a scroll of noise
 m - a scroll of teleportation
Potions
 a - 2 potions of berserk rage
 b - 2 potions of heal wounds
 c - a potion of brilliance
 d - 4 potions of curing
 g - 2 potions of ambrosia
 h - 2 potions of invisibility {unknown}
 k - 3 potions of haste {unknown}
 o - 2 potions of might

Dungeon Overview and Level Annotations

Branches:
Dungeon (5/15) Zot: 23853 Ossuary (visited)
 Temple: D:4-7

Altars:
Ashenzari
Hepliaklqana
Nemelex Xobeh
Uskayaw
Xom

Annotations:
D:4 1 runed translucent door, Crazy Yiuf
D:5 Eustachio

.?...###### ..........#
._........# ..........#
...8.._...# .....(....#
._..5.)...########
......o#).......>.
#.....#s#..#####..
.#...#.#{#.## #.# ##..
#.#.#.#o##..####.##....[
.#.#.#.# ##.).##....#
#.#.#.# ###..#.# .#.#.#
##...# .# #.#.# ##..##.#
.#.#.# #..##.# .#.#.#
#..##.#


You could see an orc priest (very poisoned) and a white imp.


Message History

Your transformation has ended.
Your primal bloodlust is almost over. 😮 HP[+2]
You regained 2 hp, and now have 31/48 hp.
You tentacle-slap the orc. You grab the orc. You squeeze the orc.
You feel a bit better.
You kill the orc! 😮 HP[+4]
You regained 4 hp, and now have 35/48 hp.
Casting: Wereblood (safe; 2% risk of failure)
Confirm with . or Enter, or press ? or * to list all spells.
You turn into a venomous arachnid creature.
You hiss as the wereblood boils in your veins!
The ogre misses you. 😮 MP[-3]
You lost 3 mp, and now have 5/15 mp.
Unknown command.
You bite the ogre!
The ogre looks as sick as possible!
The ogre closely misses you.
You bite the ogre!
The ogre looks as sick as possible! 😮 MP[+1]
You bite the ogre!
You feel a bit better.
You kill the ogre!
Your Spellcasting skill increases to level 5! 😮 HP[+1]
Your primal bloodlust has ended.
Items here: )))))) [[[[ †††.
Unknown command. 😕 HP[+1]
An orc priest and an orc wizard come into view.
The orc wizard shouts!
You hear a shout!
An orc priest comes into view. It is wielding a +0 whip.
The orc wizard moves out of view.
An orc comes into view. It is wielding a +0 hand axe.
Found a scroll of vulnerability.
Found a hide-covered altar of Uskayaw and a broken altar of Ashenzari.
The orc shouts!
You hear a shout! 😕 MP[+1]
Your transformation is almost over.
The orc priest looks satisfied for a moment.
The orc priest shouts!
Something shouts, "Accept thy fall, thou unhinged dread-bolted tiddler!"
The orc priest closely misses you.
The orc wizard casts a spell.
The orc wizard flickers and vanishes!
Deactivating autopickup; reactivate with Ctrl-A. 😕 HP[+1]
You hit the orc priest.
An orc comes into view. It is wielding a +0 whip.
The orc priest calls upon Beogh to heal the orc priest.
Unknown command.
You bite the orc!
You kill the orc!
The orc priest calls upon Beogh to heal the orc priest.
The orc priest's wounds heal themselves!
You completely miss the orc priest.
The orc priest completely misses you. 😕 MP[+1]
You bite the orc priest!
The orc priest looks encouraged for a moment. 😕 HP[+1]
You bite the orc priest!
You kill the orc priest!
Your transformation has ended.
Something hits you. 😕 HP[-2]
You take 2 damage, and now have 37/48 hp.
You hear some strange, mumbled words.
A puff of flame appears from out of thin air!
The puff of flame hits you.
A white imp comes into view. 😮 HP[-4]
You take 4 damage, and now have 33/48 hp.
Casting: Spider Form (dangerous; 6% risk of failure)
Confirm with . or Enter, or press ? or * to list all spells.
You turn into a venomous arachnid creature.
The orc priest mumbles some strange prayers to Beogh against you.
Beogh smites you! The orc misses you. 😮 HP[-7] MP[-3]
You take 7 damage, and now have 26/48 hp.
You lost 3 mp, and now have 5/15 mp.
You barely miss the orc priest.
The orc priest looks satisfied for a moment.
You hear some strange, mumbled words.
A magic dart appears from out of thin air!
The magic dart hits you!
* * * LOW HITPOINT WARNING * * *
😨 HP[-11]
You take 11 damage, and now have 15/48 hp.
MASSIVE DAMAGE!! (PAUSE)
You hit the orc priest.
The orc priest is poisoned.
Your transformation is almost over.
The orc priest misses you. Something hits you.
* * * LOW HITPOINT WARNING * * *
😱 HP[-3] MP[+1]
You take 3 damage, and now have 12/48 hp.
You barely miss the orc priest.
The orc priest invokes the aid of Beogh against you.
Beogh smites you!
* * * LOW HITPOINT WARNING * * *
Something hits you.
You die...

Skill      XL: |  1  2  3  4  5  6  7  8 |
---------------+-------------------------+-----
Poison Magic   | 1 3 4 |  4.0
Ice Magic      | 2 4 |  4.4
Spellcasting   | 3 4 5 |  5.0
Transmutations | 3 4 5 |  5.3
Fighting       | |  1.0
Dodging        | |  2.0
Unarmed Combat | |  3.0

Action                   |  1- 3 |  4- 6 |  7- 9 || total
-------------------------+-------+-------+-------++-------
Melee: Unarmed           |    84 |   119 |   151 ||   354
       Tentacles         |    12 |     8 |     4 ||    24
       Constrict         |    11 |    21 |     3 ||    35
       Kick              |     7 |     2 |       ||     9
       Punch             |       |     2 |       ||     2
 Cast: Beastly Appendage |     3 |     6 |       ||     9
       Spider Form       |     9 |     8 |     6 ||    23
       Wereblood         |       |     2 |     5 ||     7
       Ice Form          |       |     1 |    10 ||    11
  Use: Scroll            |     4 |     2 |     6 ||    12
       Potion            |       |     7 |     1 ||     8
 Stab: Sleeping          |     3 |     4 |       ||     7
       Distracted        |     1 |       |       ||     1
Armor: Skin              |     2 |    32 |    56 ||    90
Dodge: Dodged            |    76 |    79 |    65 ||   220

Levels and vault maps discovered:
D:1:      dpeg_arrival_three_same_balls, layout_basic, basic_ecumenical_altar,
          serial_corexii_hall, corexii_hall_statues_x, chequers_hall_statues_y
D:2:      layout_basic, corexii_corridor_pit
D:3:      layout_basic
D:4:      layout_layer_cave, nicolae_hepliaklqana_ecumenical_no_more,
          mainiacjoe_overflow_six_doors_small, uniq_crazy_yiuf_cottage,
          uniq_menkaure, uniq_duvessa
D:5:      layout_basic, mainiacjoe_overflow_small_starburst,
          grunt_temple_overflow_open, mainiacjoe_overflow_cross_hatched,
          enter_ossuary_2, uniq_eustachio

Notes
Turn   | Place    | Note
-------+----------+-------------------------------------------
     0 | D:1      | ytrimaz the Octopode Transmuter began the quest for the
                  | Orb.
     0 | D:1      | Reached XP level 1. HP: 13/13 MP: 3/3
     0 | D:1      | magus.rc [v1.9.6]
   164 | D:1      | Reached skill level 1 in Poison Magic
   176 | D:1      | Reached XP level 2. HP: 11/18 MP: 5/5
   194 | D:1      | Reached skill level 2 in Poison Magic
   321 | D:1      | Found a faded altar of an unknown god.
   615 | D:1      | Learned a level 2 spell: Wereblood
   883 | D:1      | Reached skill level 3 in Poison Magic
  1134 | D:1      | Reached XP level 3. HP: 23/23 MP: 4/6
  1141 | D:1      | Learned a level 3 spell: Spider Form
  1262 | D:1      | You pick up a book of the Hunter and begin reading...
  1262 | D:1      | You add the spells Call Canine Familiar, Portal Projectile
                  | and Leda's Liquefaction to your library.
  1995 | D:2      | Reached XP level 4. HP: 25/28 MP: 0/7
  2134 | D:2      | Found the +7 Kryia's mail coat {PotionHeal*2 rC+}
  2333 | D:3      | HP: 6/28 [orc/+0 club (2)]
  2337 | D:3      | Reached skill level 4 in Poison Magic
  2339 | D:3      | HP: 7/42 [kobold/+0 dagger (1)]
  3576 | D:4      | Reached XP level 5. HP: 29/33 MP: 9/9
  3877 | D:4      | Reached skill level 1 in Ice Magic
  4015 | D:4      | Found a shimmering altar of Xom.
  4077 | D:4      | Noticed Menkaure
  4084 | D:4      | Killed Menkaure
  4085 | D:4      | Reached skill level 3 in Spellcasting
  4085 | D:4      | Reached skill level 3 in Transmutations
  4085 | D:4      | Reached skill level 2 in Ice Magic
  4085 | D:4      | Reached XP level 6. HP: 21/38 MP: 9/11
  4707 | D:4      | Found a faded altar of an unknown god.
  4707 | D:4      | Found a faded altar of an unknown god.
  4707 | D:4      | Found a hazy altar of Hepliaklqana.
  4709 | D:4      | Found a faded altar of an unknown god.
  4709 | D:4      | Found a faded altar of an unknown god.
  5011 | D:4      | Noticed Dowan
  5020 | D:4      | Learned a level 4 spell: Ice Form
  5046 | D:4      | Noticed Duvessa
  5057 | D:4      | Killed Duvessa
  5058 | D:4      | Reached skill level 4 in Spellcasting
  5058 | D:4      | Reached skill level 4 in Transmutations
  5058 | D:4      | Reached XP level 7. HP: 20/43 MP: 7/13
  5059 | D:4      | HP: 10/51 [Dowan/stone arrow (9)]
  5060 | D:4      | Killed Dowan
  5061 | D:4      | Reached skill level 3 in Ice Magic
  5567 | D:4      | Found a runed translucent door.
  5568 | D:4      | Noticed Crazy Yiuf
  5584 | D:5      | Entered Level 5 of the Dungeon
  5882 | D:5      | Found a sand-covered staircase.
  5887 | Ossuary  | Entered an ossuary
  6511 | D:5      | Reached skill level 5 in Transmutations
  6511 | D:5      | Reached skill level 4 in Ice Magic
  6611 | D:5      | Reached XP level 8. HP: 48/48 MP: 10/15
  6674 | D:5      | Noticed Eustachio
  6731 | D:5      | Found a sparkling altar of Nemelex Xobeh.
  6760 | D:5      | Reached skill level 5 in Spellcasting
  6765 | D:5      | Found a hide-covered altar of Uskayaw.
  6765 | D:5      | Found a broken altar of Ashenzari.
  6780 | D:5      | HP: 12/48 [something (3)]
  6781 | D:5      | HP: 1/48 [orc priest/divine providence (12)]
  6781 | D:5      | Slain by an orc wizard

Vanquished Creatures
  Menkaure (D:4)
  Duvessa (D:4)
  2 ogres (D:5)
  A kobold brigand (D:4)
  Dowan (D:4)
  A howler monkey (D:5)
  3 orc priests
  2 iguanas (D:5)
  4 orc wizards
  A mummy (Ossuary)
  2 adders
  6 gnolls
  An ufetubus (D:4)
  2 worms (D:2)
  A dart slug (D:1)
  14 orcs
  4 spectral bats (Ossuary)
  8 ball pythons
  9 endoplasms
  2 giant cockroaches
  12 gnoll zombies (Ossuary)
  5 goblins
  7 hobgoblins
  3 jackals (D:1)
  3 quokkas
  3 bats
  2 bat simulacra (Ossuary)
  3 frilled lizards
  4 goblin simulacra (Ossuary)
  A goblin zombie (Ossuary)
  3 hobgoblin zombies (Ossuary)
  7 kobolds
  A kobold simulacrum (Ossuary)
  5 kobold zombies (Ossuary)
  9 orc zombies (Ossuary)
  8 rats
  A rat simulacrum (Ossuary)
  A spectral goblin (Ossuary)
  2 spectral kobolds (Ossuary)
146 creatures vanquished.

Table legend:
 A = Non-vault XP
 B = Vault XP
 C = Vault XP percentage of total XP
 D = Non-vault monster count
 E = Vault monster count
 F = Vault count percentage of total count
                 A         B        C        D         E       F
            +---------+---------+-------+---------+---------+-------
      Total |    1011 |     470 |  31.7 |      97 |      49 |  33.6
            +---------+---------+-------+---------+---------+-------
        D:1 |      38 |       0 |   0.0 |      20 |       0 |   0.0
        D:2 |      46 |       0 |   0.0 |      18 |       0 |   0.0
        D:3 |      78 |       0 |   0.0 |      22 |       0 |   0.0
        D:4 |     297 |     388 |  56.6 |      21 |       3 |  12.5
        D:5 |     552 |       0 |   0.0 |      16 |       0 |   0.0
    Ossuary |       0 |      82 | 100.0 |       0 |      46 | 100.0
            +---------+---------+-------+---------+---------+-------

Illustrated notes

Table legend:
 A = Kills in this place as a percentage of kills in entire the game.
 B = Kills by you in this place as a percentage of kills by you in the entire game.
 C = Kills by friends in this place as a percentage of kills by friends in the entire game.
 D = Other kills in this place as a percentage of other kills in the entire game.
 E = Experience gained in this place as a percentage of experience gained in the entire game.
 F = Experience gained in this place divided by the number of levels of this place that you have seen.
                   A       B       C       D       E      F
               +-------+-------+-------+-------+-------+----------------------
         Total | 100.0 | 100.0 |   N/A |   N/A | 100.0 | 246.8
       Dungeon |  68.5 |  68.5 |   N/A |   N/A |  94.5 | 279.8
       Ossuary |  31.5 |  31.5 |   N/A |   N/A |   5.5 |  82.0
               +-------+-------+-------+-------+-------+----------------------

Table legend: (Time is in decaauts)
 A = Elapsed time spent in this place.
 B = Non-inter-level travel time spent in this place.
 C = Inter-level travel time spent in this place.
 D = Time resting spent in this place.
 E = Time spent auto-exploring this place.
 F = Levels seen in this place.
 G = Mean time per level.
                   A        B        C        D        E       F      G
               +--------+--------+--------+--------+--------+-----+--------+
         Total |   6759 |   6688 |     71 |     20 |   5680 |   6 | 1126.5 |
       Dungeon |   6146 |   6075 |     71 |     20 |   5266 |   5 | 1229.2 |
       Ossuary |    613 |    613 |      0 |      0 |    414 |   1 |  613.0 |
               +--------+--------+--------+--------+--------+-----+--------+

Top non-repeatable levels by time:
     D:4: 2089 daAuts
     D:1: 1503 daAuts
     D:3: 1190 daAuts
     D:2: 787 daAuts
 Ossuary: 613 daAuts
     D:5: 574 daAuts
